 Dungeon Crawl Stone Soup version 0.29.1-2-gbd0b4ee654 (webtiles) character file.

Game seed: 5445167309601341683

119 GeoRichter the Charlatan (level 4, -4/34 HPs)
             Began as a Demonspawn Artificer on Nov 10, 2022.
             Slain by a kobold
             ... wielding a +0 trident
              (6 damage)
             ... on level 2 of the Dungeon.
             The game lasted 00:03:29 (2278 turns).

GeoRichter the Charlatan (Demonspawn Artificer)     Turns: 2278, Time: 00:03:30

Health: -4/34      AC:  5    Str: 12    XL:     4   Next: 73%
Magic:  4/4        EV: 11    Int: 14    God:
Gold:   61         SH:  4    Dex: 20    Spells: 3/3 levels left

rFire   . . .      SeeInvis .   o - +2 war axe (vorpal)
rCold   . . .      Faith    .   m - +0 buckler
rNeg    . . .      Spirit   .   b - +0 leather armour
rPois   .          Reflect  .   (no helmet)
rElec   .          Harm     .   j - +0 cloak
rCorr   .          Rampage  .   (no gloves)
Will    .....                   (no boots)
Stlth   ++........              (no amulet)
HPRegen 0.11/turn               p - +6 ring of dexterity
MPRegen 0.09/turn               (no ring)

@: no status effects
A: sharp scales 1, demonic magic 1
a: no special abilities


You were on level 2 of the Dungeon.
You visited 1 branch of the dungeon, and saw 2 of its levels.

You collected 61 gold pieces.

Inventory:

Hand Weapons
 l - a +0 spear
   (You found it on level 1 of the Dungeon)
 o - a +2 vorpal war axe (weapon)
   (You took it off an orc on level 1 of the Dungeon)
 r - a +0 antimagic trident
   (You found it on level 2 of the Dungeon)
Armour
 b - a +0 leather armour (worn)
 j - a +0 cloak (worn)
   (You found it on level 1 of the Dungeon)
 m - a +0 buckler (worn)
   (You found it on level 1 of the Dungeon)
Jewellery
 p - a +6 ring of dexterity (left hand)
   (You found it on level 2 of the Dungeon)
Wands
 c - a wand of flame (13) (quivered)
 d - a wand of charming (13)
 e - a wand of iceblast (5)
Scrolls
 g - a scroll of teleportation {unknown}
 h - a scroll of fog {unknown}
 k - 2 scrolls of torment {unknown}
 n - a scroll of poison {unknown}
 t - a scroll of immolation {unknown}
Potions
 a - a potion of mutation {unknown}
 f - 2 potions of brilliance {unknown}
 i - a potion of ambrosia {unknown}
 q - a potion of might {unknown}
 s - a potion of curing {unknown}
 u - a potion of invisibility {unknown}


   Skills:
 + Level 2.6 Fighting
 - Level 1.7 Armour
 - Level 0.8 Dodging
 - Level 0.8 Stealth
 * Level 4.8 Evocations


You had 3 spell levels left.
You didn't know any spells.
Your spell library was empty.

Dungeon Overview and Level Annotations

Branches:
Dungeon (2/15) Zot: 9680

Altars:

Annotations:
D:2 Sigmund


Innate Abilities, Weirdness & Mutations

You are partially covered in razor-sharp scales. (AC +1, Slay +1)
Spells you cast may paralyse adjacent enemies.


Message History

The gnoll barely misses you.
You slash the gnoll!
You kill the gnoll!
The gnoll barely misses you. The gnoll hits you with a +0 halberd!
* * * LOW HITPOINT WARNING * * *
The kobold misses you.
You hit the gnoll. The gnoll hits you with a +0 halberd.
* * * LOW HITPOINT WARNING * * *
The kobold misses you. The gnoll barely misses you.
The kobold barely misses you.
You slash the gnoll! The gnoll barely misses you.
The kobold hits you but does no damage.
You closely miss the gnoll. You block the gnoll's attack.
The kobold hits you from afar with a +0 trident.
* * * LOW HITPOINT WARNING * * *
The gnoll barely misses you. You block the kobold's attack.
You completely miss the gnoll. The gnoll barely misses you.
The kobold completely misses you.
You closely miss the gnoll. The gnoll misses you.
The kobold hits you from afar with a +0 trident.
* * * LOW HITPOINT WARNING * * *
The gnoll completely misses you. You block the kobold's attack.
You slash the gnoll!
You kill the gnoll!
The kobold closely misses you.
The kobold hits you from afar with a +0 trident.
* * * LOW HITPOINT WARNING * * *
Found a club.
The kobold barely misses you.
Things that are here:
a +0 halberd; a gnoll corpse You barely miss the kobold.
The kobold barely misses you.
You barely miss the kobold. The kobold hits you with a +0 trident.
* * * LOW HITPOINT WARNING * * *
The kobold hits you with a +0 trident.
* * * LOW HITPOINT WARNING * * *
Aim: a kobold, wielding a +0 trident (chance to affect: 77%)
The kobold is charmed.
Sigmund shouts!
Sigmund gestures at you while chanting. The magic dart hits you.
* * * LOW HITPOINT WARNING * * *
Sigmund says, "You will soon forget everything."
Sigmund mumbles some strange words.
Sigmund flickers and vanishes!
Deactivating autopickup; reactivate with Ctrl-A.
You see here 2 poisoned darts.
The kobold is no longer charmed.
The kobold hits you from afar with a +0 trident.
You die...

.....##########.....).......
.................#)#######.#
.#####......(...>..........#
## ###########...........#
##..........# ###.#.._....#
#.K.#.......# #.###.......#
#####@# ###...### #.....#
##..# ##.###########.# ##
####..#..@.@...†..#
.#######....##.###########
†##........@...#
....###.########
..#####.#############
#)###....@..<.......#


You could see a kobold.

Vanquished Creatures
  An orc priest (D:2)
  4 gnolls (D:2)
  2 adders (D:2)
  A worm (D:1)
  A dart slug (D:1)
  2 orcs (D:1)
  3 ball pythons (D:1)
  A bat (D:1)
  3 endoplasms (D:1)
  A giant cockroach (D:2)
  2 hobgoblins
  A quokka (D:1)
  A frilled lizard (D:1)
  A goblin (D:1)
  2 kobolds
  2 rats
28 creatures vanquished.

Vanquished Creatures (others)
  12 plants (D:1)
12 creatures vanquished.

Grand Total: 40 creatures vanquished

Notes
Turn   | Place    | Note
-------+----------+-------------------------------------------
     0 | D:1      | GeoRichter the Demonspawn Artificer began the quest for the
                  | Orb.
     0 | D:1      | Reached XP level 1. HP: 15/15 MP: 1/1
   392 | D:1      | Gained mutation: You are partially covered in razor-sharp
                  | scales. (AC +1, Slay +1) [demonic ancestry]
   392 | D:1      | Reached XP level 2. HP: 18/21 MP: 2/2
  1235 | D:2      | HP: 1/22 [orc priest/+0 mace (5)]
  1239 | D:2      | Reached skill level 4 in Evocations
  1239 | D:2      | Reached XP level 3. HP: 2/27 MP: 3/3
  1959 | D:2      | Gained mutation: Spells you cast may paralyse adjacent
                  | enemies. [demonic ancestry]
  1959 | D:2      | Reached XP level 4. HP: 26/34 MP: 4/4
  2055 | D:2      | Found a faded altar of an unknown god.
  2060 | D:2      | Noticed Sigmund
  2248 | D:2      | HP: 1/34 [kobold/+0 trident (2)]
  2263 | D:2      | HP: 1/34 [Sigmund/magic dart (2)]
  2278 | D:2      | Slain by a kobold

Illustrated notes

Levels and vault maps discovered:
D:1:      roderic_crop_circles_arrival_small, layout_rooms, nicolae_wormholes
D:2:      layout_rooms, ebering_ecumenical_altar_sacrificial, eino_curves_01,
          uniq_sigmund

Skill      XL: |  1  2 |
---------------+-------+-----
Fighting       | 2 |  2.6
Evocations     | 4 |  4.8
Armour         | |  1.7
Dodging        | |  0.8
Stealth        | |  0.8

Action                   |  1- 3 |  4- 6 || total
-------------------------+-------+-------++-------
Melee: Mace              |    37 |       ||    37
       Club              |     7 |       ||     7
       Spear             |    15 |       ||    15
       War axe           |    16 |    25 ||    41
       Punch             |     1 |       ||     1
Evoke: Wand              |     2 |     2 ||     4
 Stab: Sleeping          |     3 |       ||     3
Armor: Leather armour    |    12 |     2 ||    14
Dodge: Dodged            |    50 |    21 ||    71
Block: Buckler           |     3 |     5 ||     8
